Map: Domaine des dormeurs EC

Players

zuka - Winner!

  • Race: Protoss Protoss
  • League: Master
  • Spawn Location: 1:00

Terric

  • Race: Terran Terran
  • League: Master
  • Spawn Location: 7:00

VOD

Have the link to the VOD?

Description

Time

  • Played on: Nov. 19, 2019, 2:18 p.m.
  • Length: 11:20
Show
View Real Time Build Order
Export as new Build Order

zuka Protoss - Winner!

Build Orders: Phoenix Opening 

Get SALT Encoding   

  12  0:01  Probe  
  13  0:13  Probe  
  14  0:17  Pylon  
  14  0:25  Probe (Chrono Boost)  
  16  0:37  Probe (Chrono Boost)  
  16  0:38  Gateway  
  16  0:42  Probe (Chrono Boost)  
  16  0:47  Assimilator  
  17  0:52  Probe  
  18  1:04  Probe (Chrono Boost)  
  19  1:16  Probe (Chrono Boost)  
  20  1:25  Probe (Chrono Boost)  
  20  1:28  Zealot  
  20  1:32  Cybernetics Core  
  23  1:36  Pylon  
  23  1:41  Assimilator  
  23  1:54  Probe  
  24  2:05  Adept (Chrono Boost)  
  24  2:06  Probe  
  27  2:09  Warp Gate  
  27  2:18  Probe  
  27  2:21  Pylon  
  27  2:38  Probe  
  28  2:45  Stargate  
  28  2:47  Nexus  
  28  2:50  Probe, Adept  
  31  3:03  Probe  
  32  3:15  Probe  
  33  3:27  Probe, Phoenix (Chrono Boost)  
  33  3:30  Stalker  
  38  3:39  Probe  
  37  3:43  Phoenix  
  37  3:46  Pylon  
  39  3:52  Shield Battery  
  39  3:56  Robotics Facility  
  39  3:59  Probe x2  
  41  4:08  Phoenix  
  43  4:11  Probe (Chrono Boost)  
  43  4:16  Probe (Chrono Boost)  
  45  4:21  Probe (Chrono Boost)  
  47  4:25  Probe (Chrono Boost)  
  47  4:26  Probe (Chrono Boost)  
  48  4:32  Assimilator  
  48  4:33  Phoenix  
  48  4:34  Assimilator  
  48  4:35  Probe  
  48  4:38  Probe  
  52  4:40  Stalker  
  54  4:47  Probe  
  54  4:50  Probe  
  56  4:58  Phoenix  
  56  4:59  Probe  
  59  5:02  Probe  
  60  5:11  Probe  
  61  5:14  Probe, Robotics Bay  
  61  5:19  Pylon  
  62  5:22  Pylon  
  62  5:26  Gateway  
  62  5:35  Gateway  
  62  5:36  Shield Battery  
  62  5:37  Probe x2  
  64  5:44  Pylon  
  64  5:46  Phoenix  
  64  5:49  Probe  
  67  5:55  Probe  
  68  6:00  Nexus  
  68  6:01  Probe  
  69  6:08  Colossus (Chrono Boost)  
  75  6:11  Extended Thermal Lance  
  75  6:19  Probe  
  75  6:20  Probe  
  75  6:21  Zealot  
  75  6:22  Zealot  
  81  6:26  Twilight Council  
  81  6:33  Pylon  
  81  6:35  Pylon  
  81  6:39  Robotics Facility  
  81  6:41  Pylon  
  81  6:42  Stalker x2  
  85  6:58  Colossus (Chrono Boost)  
  85  7:00  Stalker  
  87  7:02  Probe  
  87  7:03  Probe  
  87  7:06  Phoenix  
  97  7:13  Probe  
  97  7:15  Probe x2  
  100  7:21  Stalker  
  100  7:22  Stalker  
  100  7:25  Probe  
  100  7:27  Probe  
  98  7:40  Probe (Chrono Boost)  
  98  7:41  Probe x2 (Chrono Boost)  
  101  7:44  Colossus  
  101  7:49  Forge  
  107  7:52  Probe (Chrono Boost)  
  107  7:53  Charge (Chrono Boost), Forge  
  107  7:58  Probe (Chrono Boost), Forge  
  110  7:59  Probe (Chrono Boost)  
  110  8:00  Probe (Chrono Boost)  
  110  8:01  Assimilator  
  110  8:05  Probe x2 (Chrono Boost)  
  113  8:06  Assimilator  
  113  8:07  Probe  
  114  8:15  Pylon  
  114  8:17  Probe, Phoenix (Chrono Boost)  
  114  8:18  Pylon  
  117  8:22  Pylon  
  117  8:28  Protoss Ground Armor Level 1 (Chrono Boost)  
  117  8:32  Protoss Ground Weapons Level 1 (Chrono Boost)  
  121  8:40  Phoenix (Chrono Boost), Immortal  
  125  8:46  Probe x3  
  124  8:58  Probe x3  
  124  8:59  Gateway  
  124  9:00  Gateway  
  127  9:03  Shield Battery  
  127  9:05  Colossus (Chrono Boost)  
  127  9:07  Shield Battery  
  133  9:10  Probe x2, Gateway  
  133  9:13  Photon Cannon, Probe  
  133  9:15  Pylon  
  136  9:20  Warp Prism (Chrono Boost)  
  136  9:22  Probe  
  136  9:23  Pylon  
  139  9:28  Phoenix (Chrono Boost)  
  141  9:35  Zealot x3  
  147  9:40  Gateway  
  147  9:57  Zealot x2  
  157  10:00  Colossus (Chrono Boost)  
  157  10:02  Pylon  
  157  10:03  Pylon  
  157  10:16  Nexus  
  157  10:18  Pylon  
  157  10:19  Colossus  
  157  10:20  Pylon  
  163  10:22  Pylon  
  163  10:31  Zealot x2  
  163  10:32  Zealot x3  
  173  10:48  Zealot x2  
  177  10:51  Zealot  
  177  10:52  Zealot x4  
  147  11:12  Zealot x7  
Show
View Real Time Build Order
Export as new Build Order

Terric Terran 

Build Orders: Reaper Expand 

Get SALT Encoding   

  12  0:00  SCV  
  13  0:13  SCV  
  14  0:17  Supply Depot  
  14  0:25  SCV  
  15  0:38  SCV  
  15  0:40  Barracks  
  16  0:45  Refinery  
  16  0:50  SCV  
  17  1:02  SCV  
  18  1:14  SCV  
  19  1:24  Engineering Bay  
  19  1:28  Reaper  
  19  1:29  Orbital Command  
  20  1:55  Command Center  
  20  1:59  SCV  
  20  2:10  Barracks Tech Lab  
  20  2:18  Supply Depot  
  20  2:22  SCV  
  21  2:34  SCV  
  21  2:35  Concussive Shells  
  22  2:40  Marauder  
  24  2:45  Refinery  
  24  2:46  SCV  
  24  2:48  Barracks  
  24  2:51  Bunker  
  25  2:58  Factory, SCV  
  26  3:03  Marauder  
  28  3:10  SCV  
  27  3:28  Orbital Command  
  27  3:30  Stimpack  
  27  3:31  SCV  
  28  3:43  SCV  
  28  3:44  Barracks Reactor, Supply Depot  
  28  3:48  Starport  
  30  3:55  SCV x2  
  30  3:57  Factory Reactor  
  30  4:01  Engineering Bay  
  30  4:02  Marine  
  32  4:07  SCV  
  33  4:13  SCV  
  34  4:19  SCV  
  34  4:20  Marine x3  
  38  4:25  SCV  
  38  4:30  Missile Turret  
  39  4:32  SCV  
  39  4:37  SCV  
  39  4:38  Marine x2  
  42  4:42  Supply Depot, Medivac, Missile Turret  
  42  4:43  Medivac  
  42  4:44  SCV  
  48  4:49  SCV  
  48  4:52  Marine  
  49  4:55  Marine, Supply Depot  
  50  5:04  Marine  
  50  5:05  Supply Depot  
  49  5:10  Marine, Combat Shield  
  49  5:13  Marine  
  51  5:18  Medivac  
  51  5:20  SCV  
  54  5:22  Marine  
  54  5:23  Widow Mine  
  54  5:28  Marine  
  56  5:34  SCV, Marine  
  59  5:37  SCV  
  59  5:38  Command Center  
  59  5:40  Marine  
  61  5:46  Marine  
  62  5:51  Marine  
  62  5:55  SCV  
  62  5:58  Factory Reactor, Marine  
  62  6:00  Barracks  
  62  6:04  Marine  
  64  6:09  Marine  
  64  6:12  SCV  
  64  6:16  Marine  
  66  6:21  Marine  
  67  6:26  Refinery  
  67  6:27  Refinery, Marine  
  67  6:30  Barracks  
  67  6:31  Barracks  
  67  6:32  Terran Infantry Weapons Level 1  
  68  6:33  Marine, Supply Depot  
  68  6:34  Missile Turret  
  68  6:35  Engineering Bay  
  68  6:39  SCV x2, Marine  
  72  6:45  Marine  
  71  6:51  Marine  
  71  6:54  Marine  
  71  6:55  Orbital Command  
  71  6:57  Marine  
  71  6:58  SCV  
  72  7:04  Missile Turret  
  72  7:06  Marine  
  73  7:09  Widow Mine, Marine  
  73  7:11  Marine  
  73  7:15  Marine  
  71  7:34  Marine x4  
  62  7:41  SCV, Medivac x2  
  58  7:44  Terran Infantry Armor Level 1  
  58  7:49  SCV x2, Armory  
  60  7:51  Marine  
  60  7:52  Marine x2  
  63  8:02  Barracks Tech Lab x2  
  63  8:04  Barracks  
  63  8:05  Barracks  
  63  8:10  Orbital Command  
  63  8:13  Missile Turret  
  63  8:14  Marine, Marauder  
  63  8:15  Marine x3  
  63  8:16  Missile Turret  
  63  8:17  Medivac  
  63  8:19  Medivac, Missile Turret  
  73  8:20  SCV  
  73  8:21  Sensor Tower  
  73  8:32  Marine  
  70  8:36  Marauder  
  70  8:37  Marauder  
  70  8:38  Marauder  
  74  8:44  Marine x3  
  74  8:45  SCV  
  74  8:47  Medivac  
  80  8:49  Medivac  
  80  8:50  Marine  
  80  8:55  SCV x2  
  85  8:57  Marauder  
  85  8:58  Marine x2, Terran Infantry Weapons Level 2  
  89  9:05  SCV  
  89  9:07  SCV x2  
  92  9:11  Barracks Tech Lab  
  92  9:14  Marine x3  
  92  9:15  Marine  
  96  9:22  Viking x2  
  100  9:24  SCV  
  100  9:30  Supply Depot  
  100  9:31  Supply Depot x2  
  101  9:39  Supply Depot  
  101  9:41  Supply Depot  
  101  9:51  Marine  
  101  9:52  SCV x3, Marauder x2  
  111  9:53  Barracks Reactor, Marauder  
  111  9:57  Factory Reactor  
  111  10:00  Starport  
  111  10:01  Marine  
  111  10:02  Marine  
  111  10:04  SCV x3  
  111  10:07  Refinery, Marine  
  116  10:08  Refinery  
  116  10:12  Viking  
  119  10:15  Viking  
  119  10:16  SCV x3  
  124  10:24  Marine x2, Marauder x2  
  124  10:28  SCV x2  
Tags
 
Add a new tag
Caveats
  • Supply blocks, unpowered buildings, or Contaminate may cause inaccurate times.
  • Supply counts are checked every 10 seconds.